 Seeded DCSS version 0.27.1 (webtiles) character file.

Game seed: 52 (custom seed)

4272 a11behringer the Spear-Bearer (level 9, -2/67 HPs)
             Began as a Demigod Transmuter on Aug 26, 2021.
             Slain by a death knight (12 damage)
             ... on level 8 of the Dungeon.
             The game lasted 00:36:03 (7402 turns).

a11behringer the Spear-Bearer (Demigod Transmuter)  Turns: 7402, Time: 00:36:06

Health: -2/67      AC: 16    Str: 15    XL:     9   Next: 85%
Magic:  15/16      EV: 13    Int: 25    God:
Gold:   257        SH:  0    Dex: 18    Spells: 10/13 levels left

rFire    . . .     SeeInvis .   j - +5 trident (protect)
rCold    . . .     Faith    .   (no shield)
rNeg     . . .     Spirit   .   a - +1 robe
rPois    .         Reflect  .   (helmet currently unavailable)
rElec    .         Harm     .   u - +2 cloak
rCorr    .         Rampage  .   H - +2 pair of gloves
Will     .....                  (boots currently unavailable)
Stlth    ++........             C - amulet of regeneration
HPRegen  1.21/turn              e - +4 ring of slaying
MPRegen  0.15/turn              t - +6 ring of intelligence

@: appendages, under a protective aura, hasted, very quick
A: horns 2, talons 2, high mp 1, forlorn
a: End Transformation


You were on level 8 of the Dungeon.
You had temporarily grown beastly horns and talons.
You visited 1 branch of the dungeon, and saw 8 of its levels.

You collected 329 gold pieces.
You spent 72 gold pieces at shops.

Inventory:

Hand Weapons
 j - a +5 trident of protection (weapon)
Missiles
 v - 3 throwing nets
Armour
 a - a +1 robe (worn)
 c - a +0 scale mail
 n - a +0 leather armour
 u - a +2 cloak (worn)
 B - a +0 pair of boots (melded)
 H - a +2 pair of gloves (worn)
Magical Staves
 k - a staff of poison
Jewellery
 e - a +4 ring of slaying (left hand)
 q - an amulet of the acrobat
 t - a +6 ring of intelligence (right hand)
 C - an amulet of regeneration (around neck)
 F - a ring of positive energy
 G - a ring of magical power
Wands
 r - a wand of iceblast (6) (quivered)
 s - a wand of acid (9)
 w - a wand of paralysis (7)
 x - a wand of flame (14)
Scrolls
 d - a scroll of teleportation
 f - a scroll of enchant weapon {unknown}
 g - 2 scrolls of immolation
 o - a scroll of noise
 p - 2 scrolls of amnesia
 y - a scroll of fear
 A - a scroll of blinking
Potions
 b - a potion of haste
 h - a potion of resistance
 i - a potion of mutation
 l - 2 potions of curing
 m - 2 potions of might
 z - a potion of cancellation
 D - a potion of flight {unknown}
 J - a potion of brilliance {unknown}


   Skills:
 + Level 2.1 Fighting
 * Level 12.0 Polearms
 + Level 3.0 Dodging
 - Level 3.4 Unarmed Combat
 + Level 2.9 Spellcasting
 + Level 2.5 Transmutations
 - Level 1.0 Evocations


You had 10 spell levels left.
You knew the following spells:

 Your Spells              Type           Power      Damage    Failure   Level
a - Beastly Appendage     Tmut           32%        N/A       3%          1
b - Wereblood             Tmut           16%        N/A       5%          2

Your spell library contained the following spells:

 Spells                   Type           Power      Damage    Failure   Level
 Animate Skeleton         Necr           6%         N/A       11%         1
 Apportation              Tloc           6%         N/A       11%         1
 Corona                   Hex            3%         N/A       11%         1
 Pain                     Necr           12%        1d4       11%         1
 Summon Small Mammal      Summ           12%        N/A       11%         1
 Spider Form              Tmut/Pois      5%         N/A       19%         3
 Stone Arrow              Conj/Erth      6%         3d7       30%         3
 Vampiric Draining        Necr           1%         2d6       30%         3
 Ice Form                 Ice/Tmut       10%        N/A       52%         4
 Animate Armour           Summ/Erth      6%         N/A       71%         4
 Lehudib's Crystal Spear  Conj/Erth      1%         10d2      100%        8


Dungeon Overview and Level Annotations

Branches:
Dungeon (8/15)             Temple (0/1) D:6
   Lair: D:8-11

Shops:
D:1 :   D:7 ?

Annotations:
D:6 2 transporters, Thatpatchoflichen's ghost, novice MiFi


Innate Abilities, Weirdness & Mutations

You have temporarily grown beastly horns and talons.
Your attributes grow dramatically as you level up.
You have an increased reservoir of magic. (+10% MP)
You shall have no god before yourself.


Message History

The death knight is moderately wounded.
The death knight hits you with a +0 battleaxe!
You hit the death knight.
The death knight is moderately wounded.
The death knight hits you with a +0 battleaxe!
You hit the death knight but do no damage.
The death knight is moderately wounded.
You closely miss the death knight.
The death knight is moderately wounded.
The death knight hits you with a +0 battleaxe!!
* * * LOW HITPOINT WARNING * * *
You hit the death knight.
The death knight is moderately wounded.
The death knight hits you with a +0 battleaxe.
* * * LOW HITPOINT WARNING * * *
You hit the death knight.
The death knight is heavily wounded.
The death knight hits you with a +0 battleaxe!
* * * LOW HITPOINT WARNING * * *
You feel yourself speed up. The death knight barely misses you.
You feel better.
Casting: Beastly Appendage (safe; 3% risk of failure)
Confirm with . or Enter, or press ? or * to list all spells.
You grow a pair of large bovine horns.
Your feet morph into talons.
Your +0 pair of boots melds into your body.
The death knight offers itself to Yredelemnul, and fills with unholy energy.
The death knight hits you with a +0 battleaxe.
* * * LOW HITPOINT WARNING * * *
You hit the death knight but do no damage.
You claw the death knight, but do no damage.
You headbutt the death knight.
The death knight is heavily wounded.
The death knight reflects your damage back at you!
You puncture the death knight! Your kick misses the death knight.
Your headbutt misses the death knight.
The death knight is severely wounded.
The death knight reflects your damage back at you!
* * * LOW HITPOINT WARNING * * *
The death knight hits you with a +0 battleaxe!
You die...

.$.........#########...##
../.........<..........##
............#....<..>..#
.......................#
...........##..........#
...........##..........##
....(.....# ##........###
.......p..# ##.........#
.......8@.# #####......
........?.#########......
.........................
#.....##)..########......
##........## #.....>
########.# #...... #..
#...... ##. #...... .
#......


You could see a death knight (reflects damage).

Vanquished Creatures
  The ghost of ZARRMARR the Ducker, a novice GnMo of Okawaru (D:5)
  An ugly thing (D:7)
  A yak (D:5)
  Eustachio (D:6)
  Edmund (D:6)
  4 water moccasins
  A sky beast (D:6)
  An ice beast (D:6)
  A black bear (D:5)
  2 centaurs
  A hornet zombie (D:7)
  2 necrophages (D:8)
  2 ogres (D:5)
  A phantom (D:5)
  A kobold brigand (D:6)
  3 bullfrogs
  A gnoll sergeant (D:4)
  A wyvern skeleton (D:5)
  A water moccasin skeleton (D:5)
  6 killer bees (D:8)
  A wight (D:8)
  A howler monkey (D:5)
  2 centaur zombies (D:8)
  A jelly (D:7)
  2 orc priests
  4 hounds
  A centaur skeleton (D:7)
  A bullfrog skeleton (D:6)
  A gnoll shaman (D:7)
  Ijyb (D:4)
  3 iguanas
  3 orc wizards
  A scorpion zombie (D:5)
  A hound skeleton (D:5)
  12 gnolls
  3 howler monkey skeletons
  13 adders
  2 white imps (D:5)
  2 worms (D:2)
  4 dart slugs
  10 orcs
  2 bats (D:3)
  5 endoplasms
  2 giant cockroaches (D:2)
  6 goblins
  5 hobgoblins
  4 jackals (D:1)
  8 kobolds
  6 quokkas
  5 ball pythons
  4 rats
149 creatures vanquished.

Vanquished Creatures (others)
  2 withered plants (D:8)
2 creatures vanquished.

Grand Total: 151 creatures vanquished

Notes
Turn   | Place    | Note
-------+----------+-------------------------------------------
     0 | D:1      | a11behringer the Demigod Transmuter began the quest for the
                  | Orb.
     0 | D:1      | Reached XP level 1. HP: 15/15 MP: 5/5
   330 | D:1      | Found Dapea's Book Shoppe.
   844 | D:1      | Reached XP level 2. HP: 19/22 MP: 7/7
  1001 | D:2      | Reached skill level 1 in Fighting
  1252 | D:2      | Reached XP level 3. HP: 28/28 MP: 8/8
  2227 | D:3      | Reached XP level 4. HP: 30/35 MP: 10/10
  2247 | D:3      | Learned a level 2 spell: Wereblood
  3040 | D:4      | Noticed Ijyb
  3047 | D:4      | Killed Ijyb
  3048 | D:4      | Reached skill level 1 in Polearms
  3281 | D:4      | Reached skill level 2 in Polearms
  3425 | D:4      | Reached XP level 5. HP: 39/40 MP: 11/11
  3645 | D:4      | HP: 2/40 [gnoll (5)]
  3647 | D:4      | Reached skill level 3 in Polearms
  4160 | D:4      | Reached XP level 6. HP: 38/47 MP: 13/13
  4412 | D:5      | Entered Level 5 of the Dungeon
  4422 | D:5      | Reached skill level 4 in Polearms
  4670 | D:5      | Reached skill level 5 in Polearms
  4700 | D:5      | Reached XP level 7. HP: 41/52 MP: 14/14
  4714 | D:5      | Reached skill level 6 in Polearms
  5103 | D:5      | Reached skill level 7 in Polearms
  5504 | D:5      | Found a runed translucent door.
  5505 | D:5      | Noticed a yak
  5505 | D:5      | Noticed ZARRMARR's ghost (novice GnMo)
  5518 | D:5      | Killed a yak
  5519 | D:5      | Reached skill level 8 in Polearms
  5519 | D:5      | Reached XP level 8. HP: 59/59 MP: 11/15
  5527 | D:5      | Killed ZARRMARR's ghost
  5528 | D:5      | Reached skill level 9 in Polearms
  5559 | D:6      | Noticed Edmund
  5575 | D:6      | Killed Edmund
  5921 | D:6      | Reached skill level 10 in Polearms
  5928 | D:6      | Noticed Eustachio
  5952 | D:6      | Reached skill level 1 in Evocations
  5963 | D:6      | Killed Eustachio
  5980 | D:6      | Reached XP level 9. HP: 58/64 MP: 16/16
  6005 | D:6      | Found a staircase to the Ecumenical Temple.
  6131 | D:6      | Noticed Thatpatchoflichen's ghost (novice MiFi)
  6134 | D:6      | Found a transporter.
  6139 | D:6      | Found a transporter.
  6482 | D:7      | Noticed a red ugly thing
  6491 | D:7      | Killed a red ugly thing
  6492 | D:7      | Reached skill level 11 in Polearms
  6874 | D:7      | Found Tyubic's Magic Scroll Boutique.
  6886 | D:7      | Bought 3 scrolls of identify for 72 gold pieces
  7280 | D:8      | Reached skill level 12 in Polearms
  7381 | D:8      | Noticed a death knight
  7402 | D:8      | Slain by a death knight

Illustrated notes

Levels and vault maps discovered:
D:1:      saegor_arrival_simple_b, layout_basic, serial_shops,
          nicolae_shop_statue_plus
D:2:      layout_rooms, ebering_ecumenical_altar_sacrificial
D:3:      layout_loops_ring, lemuel_coloured_pillars_altar,
          minmay_misc_feat_more_columns
D:4:      layout_cave_pods, mainiacjoe_overflow_six_doors_small,
          lemuel_tele_altar, minivault_26, uniq_ijyb
D:5:      minmay_chambers_of_threes, layout_basic, ebering_ghost_inner_flame,
          minmay_misc_feat_chi, grunt_decor_resistance
D:6:      layout_basic, yredelemnul_altar_generic, minmay_temple_entry_trees,
          gammafunk_ghost_hive, uniq_edmund, uniq_eustachio
D:7:      layout_loops_cross, fedhas_altar_4, serial_shops, shop,
          grunt_ministairs_11, hangedman_decor_peaks_small
D:8:      layout_rooms, mainiacjoe_overflow_surrounded_room,
          ebering_ghost_rock_garden, serial_undead, serial_undead_d,
          serial_undead_a, serial_undead_e, serial_undead_b,
          kennysheep_small_square

Skill      XL: |  1  2  3  4  5  6  7  8  9 |
---------------+----------------------------+-----
Unarmed Combat | 3 |  3.4
Fighting       | 1 2 |  2.1
Dodging        | 2 3 |  3.0
Spellcasting   | 2 |  2.9
Transmutations | 2 |  2.5
Polearms       | 2 3 5 8 10 12 | 12.0
Evocations     | 1 |  1.0

Action                   |  1- 3 |  4- 6 |  7- 9 || total
-------------------------+-------+-------+-------++-------
Melee: Unarmed           |    91 |     7 |       ||    98
       Kick              |     3 |     1 |    13 ||    17
       Punch             |     2 |     2 |     4 ||     8
       Headbutt          |     1 |       |    12 ||    13
       Trident           |       |   120 |   277 ||   397
 Cast: Beastly Appendage |     2 |     1 |     7 ||    10
       Wereblood         |       |       |     1 ||     1
Evoke: Wand              |       |     2 |       ||     2
  Use: Scroll            |     2 |     4 |    11 ||    17
       Potion            |       |       |     3 ||     3
 Stab: Sleeping          |     2 |     1 |     2 ||     5
Armor: Robe              |    19 |    34 |   115 ||   168
       Scale mail        |       |    11 |       ||    11
Dodge: Dodged            |    50 |    77 |   184 ||   311
